 Dungeon Crawl Stone Soup version 0.15-a0-60-g2d7d1c5 (webtiles) character file.

335 Integry the Cudgeler (level 5, 0/31 HPs)
             Began as a Gargoyle Wanderer on Apr 6, 2014.
             Slain by a black bear (3 damage)
             ... on Level 4 of the Dungeon.
             The game lasted 00:05:38 (3903 turns).

Integry the Cudgeler (Gargoyle Wanderer)            Turns: 3903, Time: 00:05:38

HP   0/31        AC  7     Str 22      XL: 5   Next: 71%
MP  10/10        EV  8     Int 13      God:
Gold 143         SH 18     Dex  9      Spells:  0 memorised,  8 levels left

rFire  . . .     SeeInvis .     w - +0 flail
rCold  . . .     Clarity  .     c - +0 robe
rNeg   + . .     Conserve .     a - +0 shield
rPois  +         rCorr    .     (no helmet)
rElec  +         rRot     +     (no cloak)
SustAb . .       Spirit   .     o - +0 pair of gloves
rMut   .         Warding  .     (no boots)
Saprov . . .     Stasis   .     (no amulet)
MR     .....                    (no ring)
                                i - +6 ring of strength

@: not resistant to hostile enchantments, very unstealthy
A: life protection 1, electricity resistance, unbreathing, petrification
resistance, AC +4
a: no special abilities


You were on level 4 of the Dungeon.
You were not hungry.

You visited 1 branch of the dungeon, and saw 4 of its levels.

You collected 143 gold pieces.

Inventory:

Hand weapons
 b - a +0,+0 mace
 k - a +1,+0 mace
 w - a +0,+0 flail (weapon)
Armour
 a - a +0 shield (worn)
 c - a +0 robe (worn)
 o - a +0 pair of gloves (worn)
Comestibles
 d - 3 bread rations
 q - a pear
 u - an orange
 z - a choko
Scrolls
 e - 6 scrolls of identify {unknown}
 f - 3 scrolls of remove curse {unknown}
 g - 4 scrolls of enchant weapon II {unknown}
 h - a scroll of random uselessness {unknown}
 l - 3 scrolls of fog {unknown}
 m - 2 scrolls of teleportation {unknown}
 p - 2 scrolls of immolation {unknown}
 s - a scroll of amnesia {unknown}
 x - 2 scrolls of magic mapping {unknown}
Jewellery
 i - a +6 ring of strength (left hand)
 n - a +3 ring of dexterity {unknown}
Potions
 j - 5 potions of curing {unknown}
 r - a potion of might {unknown}
 t - a potion of magic {unknown}
 v - a potion of lignification {unknown}


   Skills:
 + Level 2.6 Fighting
   Level 2.6 Axes
 * Level 4.3 Maces & Flails
 - Level 1.0 Throwing
 + Level 3.1 Shields
 - Level 2.0 Spellcasting
   Level 1.0 Summonings
   Level 2.0 Ice Magic


You had 8 spell levels left.
You didn't know any spells.

Dungeon Overview and Level Annotations

Branches:
Dungeon (4/15)
 Temple: D:4-7

Altars:


Innate Abilities, Weirdness & Mutations

You are resistant to torment.
You are immune to poison.
You are immune to rotting.
Your stone body is very resilient (AC +4).
You resist negative energy.
You are resistant to electric shocks.
You can survive without breathing.
You are immune to petrification.


Message History

You are too injured to fight recklessly!
You are too injured to fight recklessly!
You are too injured to fight recklessly!
You are too injured to fight recklessly!
You are too injured to fight recklessly!
You are too injured to fight recklessly!
You are too injured to fight recklessly!
You are too injured to fight recklessly!
You are too injured to fight recklessly!
You are too injured to fight recklessly!
You hit the black bear.
The black bear is severely wounded.
The black bear bites you but does no damage.
The black bear claws you but does no damage.
The black bear claws you.
* * * LOW HITPOINT WARNING * * *
The black bear bites you.
* * * LOW HITPOINT WARNING * * *
The black bear claws you.
You die...

#### ##%.##
#.%..# .... #
#(.. # ..# # #U#
# ##@# # #..# #
#..# # ##.## #
#..# # ##.##
#############.##
#...)........##
#.############


You could see a black bear.

Vanquished Creatures
  A giant frog (D:3)
  Natasha (twice) (D:3)
  3 adders
  3 giant geckos
  An ooze (D:3)
  7 bats
  4 giant cockroaches
  6 goblins
  6 hobgoblins
  2 jackals (D:1)
  3 quokkas
  A ball python (D:1)
  6 giant newts
  11 kobolds
  15 rats
71 creatures vanquished.

Notes
Turn   | Place    | Note
--------------------------------------------------------------
     0 | D:1      | Integry, the Gargoyle Wanderer, began the quest for the Orb.
     0 | D:1      | Reached XP level 1. HP: 10/10 MP: 4/4
   540 | D:1      | Reached skill level 1 in Maces & Flails
   838 | D:1      | Reached XP level 2. HP: 16/16 MP: 5/5
  1449 | D:1      | Reached skill level 1 in Fighting
  1449 | D:1      | Reached XP level 3. HP: 16/20 MP: 7/7
  2224 | D:2      | Reached skill level 3 in Maces & Flails
  2589 | D:3      | Reached XP level 4. HP: 21/25 MP: 8/8
  2779 | D:3      | Noticed Natasha
  2788 | D:3      | Killed Natasha
  3112 | D:3      | Noticed Natasha
  3125 | D:3      | Killed Natasha
  3312 | D:3      | Noticed a giant frog
  3329 | D:3      | Killed a giant frog
  3329 | D:3      | Reached skill level 4 in Maces & Flails
  3329 | D:3      | Reached XP level 5. HP: 9/31 MP: 10/10
  3894 | D:4      | Noticed a black bear
  3903 | D:4      | Slain by a black bear

Action                   |  1- 3 |  4- 6 || total
-------------------------+-------+-------++-------
Melee: Mace              |   148 |    35 ||   183
       Flail             |       |    66 ||    66
